 Dungeon Crawl Stone Soup version 0.22-a0-358-g7563fe7 (webtiles) character file.

138 grindst0ne the Skirmisher (level 5, 0/43 HPs)
             Began as a Mummy Fighter on Apr 18, 2018.
             Slain by Crazy Yiuf
             ... wielding a +3 quarterstaff of chaos
              (10 damage)
             ... on level 3 of the Dungeon.
             The game lasted 00:04:57 (2454 turns).

grindst0ne the Skirmisher (Mummy Fighter)           Turns: 2454, Time: 00:04:58

Health: 0/43       AC: 12    Str: 20    XL:     5   Next: 1%
Magic:  5/5        EV:  3    Int: 10    God:
Gold:   198        SH:  8    Dex: 11    Spells: 4/4 levels left

rFire    x . .     SeeInvis .   a - +0 flail
rCold    + . .     Gourm    .   c - +0 shield
rNeg     + + +     Faith    .   j - +0 plate armour
rPois    ∞         Spirit   .   (no helmet)
rElec    .         Reflect  .   (no cloak)
rCorr    .         Harm     .   (no gloves)
MR       .....                  o - +0 pair of boots
Stlth    ..........             (no amulet)
HPRegen  0.14/turn              g - +2 ring of intelligence
MPRegen  0.09/turn              (no ring)

@: about to teleport
A: no food or potions, fire vulnerability, cold resistance 1, negative energy
resistance 3, torment resistance, unbreathing
a: no special abilities


You were on level 3 of the Dungeon.
You were not hungry.

You visited 1 branch of the dungeon, and saw 3 of its levels.

You collected 198 gold pieces.

Inventory:

Hand Weapons
 a - a +0 flail (weapon)
Missiles
 e - 11 javelins (quivered)
 h - 11 tomahawks
Armour
 b - a +0 scale mail
 c - a +0 shield (worn)
 j - a +0 plate armour (worn)
 o - a +0 pair of boots (worn)
Jewellery
 g - a +2 ring of intelligence (left hand)
Scrolls
 d - 2 scrolls of remove curse {unknown}
 f - 4 scrolls of identify
 i - 2 scrolls of amnesia {unknown}
 k - 3 scrolls of teleportation
 l - a scroll of fog {unknown}
 m - a scroll of enchant armour {unknown}


   Skills:
 + Level 4.5 Fighting
 + Level 3.2 Maces & Flails
 - Level 2.4 Armour
 - Level 2.4 Shields


You had 4 spell levels left.
You didn't know any spells.

Dungeon Overview and Level Annotations

Branches:
Dungeon (3/15)

Altars:
Dithmenos
Kikubaaqudgha

Annotations:
D:3 Crazy Yiuf


Innate Abilities, Weirdness & Mutations

You do not eat or drink.
Your flesh is vulnerable to fire.
You are immune to poison.
Your flesh is cold resistant. (rC+)
You are immune to negative energy. (rN+++)
You are immune to unholy pain and torment.
You can survive without breathing.


Message History

Crazy Yiuf is lightly wounded.
Crazy Yiuf cries, "Proton sallow cower!"
You block Crazy Yiuf's attack.
Crazy Yiuf hits you with a quarterstaff of chaos.
You hit Crazy Yiuf.
Crazy Yiuf is moderately wounded.
Crazy Yiuf hits you but does no damage. Space warps horribly around you!
* * * LOW HITPOINT WARNING * * *
You closely miss Crazy Yiuf.
Crazy Yiuf is moderately wounded.
You block Crazy Yiuf's attack.
You barely miss Crazy Yiuf.
Crazy Yiuf is moderately wounded.
You block Crazy Yiuf's attack.
As you read the scroll of teleportation, it crumbles to dust.
You feel strangely unstable. Crazy Yiuf hits you but does no damage.
You sock Crazy Yiuf!
Crazy Yiuf is almost dead.
Crazy Yiuf hits you with a quarterstaff of chaos!
You die...

.....#
#.........#
)....#
######..#.#
...###
#.......#
...#
#.......#
)..#
#.......#
...#
#.......#
####
#.......#
######g.#
#@># ####


You could see Crazy Yiuf.

Vanquished Creatures
  Jessica (D:3)
  2 adders
  An ooze (D:3)
  3 worms
  2 dart slugs
  2 leopard geckos
  6 orcs (D:3)
  2 giant cockroaches (D:2)
  11 goblins
  7 hobgoblins
  3 jackals
  A quokka (D:2)
  A ball python (D:1)
  5 bats
  7 frilled lizards
  10 kobolds
  6 rats
70 creatures vanquished.

Notes
Turn   | Place    | Note
-------+----------+-------------------------------------------
     0 | D:1      | grindst0ne the Mummy Fighter began the quest for the Orb.
     0 | D:1      | Reached XP level 1. HP: 18/18 MP: 1/1
   166 | D:1      | Reached XP level 2. HP: 22/24 MP: 2/2
   951 | D:2      | Reached XP level 3. HP: 27/29 MP: 3/3
  1490 | D:2      | Reached skill level 4 in Fighting
  1555 | D:2      | Found a shadowy altar of Dithmenos.
  1556 | D:2      | Found an ancient bone altar of Kikubaaqudgha.
  1943 | D:3      | Noticed Jessica
  1954 | D:3      | Reached XP level 4. HP: 35/37 MP: 4/4
  2015 | D:3      | Killed Jessica
  2346 | D:3      | Found a runed door.
  2366 | D:3      | Reached XP level 5. HP: 40/43 MP: 5/5
  2394 | D:3      | Noticed Crazy Yiuf
  2419 | D:3      | Paralysed by Crazy Yiuf for 5 turns
  2454 | D:3      | Slain by Crazy Yiuf

Vault maps used:
D:1:      shiori_arrival_maze, kennysheep_pointless_box
D:2:      nicolae_overflow_hidden_temple, minmay_nonomino_d4
D:3:      uniq_jessica, uniq_crazy_yiuf_cottage

Skill      XL: |  1  2  3  4 |
---------------+-------------+-----
Maces & Flails | 2 3 |  3.2
Fighting       | 4 |  4.5
Armour         | |  2.4
Shields        | |  2.4

Action                   |  1- 3 |  4- 6 || total
-------------------------+-------+-------++-------
Melee: Flail             |   208 |   117 ||   325
  Use: Scroll            |       |     3 ||     3
Armor: Scale mail        |    59 |       ||    59
       Plate armour      |    69 |    79 ||   148
Dodge: Dodged            |    55 |    17 ||    72
Block: Shield            |   120 |    54 ||   174

Table legend:
 A = Spawn XP
 B = Non-spawn XP
 C = Spawn XP percentage of total XP
 D = Spawn monster count
 E = Non-spawn monster count
 F = Spawn count percentage of total count
 G = Total turns spent on level
                    A         B        C        D         E        F      G
               +---------+---------+-------+---------+---------+-------+---------
         Total |       0 |     198 |   0.0 |       0 |      70 |   0.0 |  2454
               +---------+---------+-------+---------+---------+-------+---------
           D:1 |       0 |      28 |   0.0 |       0 |      15 |   0.0 |  1108
           D:2 |       0 |      65 |   0.0 |       0 |      30 |   0.0 |   792
           D:3 |       0 |     105 |   0.0 |       0 |      25 |   0.0 |   554
               +---------+---------+-------+---------+---------+-------+---------
